 Dungeon Crawl Stone Soup version 0.31-a0-1352-gc98d92de7d (webtiles) character file.

Game seed: 15912539473393015651

205 mopl the Ruffian (level 6, -3/31 HPs)
             Began as a Djinni Shapeshifter on Dec 22, 2023.
             Killed by nerve-wracking pain
             ... invoked by Grinder
              (4 damage)
             ... while paralysed by Grinder
             ... on level 3 of the Dungeon.
             The game lasted 00:02:11 (1421 turns).

mopl the Ruffian (Djinni Shapeshifter)              Turns: 1421, Time: 00:02:12

Health: -3/31      AC:  0    Str: 15    XL:     6   Next: 10%
Gold:   110        EV:  2    Int: 12    God:
                   SH:  0    Dex: 12

rFire   + +          .
                       - Unarmed
rCold   . . .        (shield currently unavailable)
rNeg    . . .        g - melded +0 ring mail
rPois   ∞            (no helmet)
rElec   .            (no cloak)
rCorr   .            (no gloves)
SInv    .            (boots unavailable)
Will    .....        (no amulet)
Stlth   +            n - ring of protection from cold
HPRegen 0.25/turn    p - +5 ring of evasion
MPRegen 0.00/turn

%: infuse magic (-4 HP)
@: paralysed, flux-form, flying, glowing
A: glow, contaminating, flying, reduced hp, sickness immunity, fire resistance
2, cold vulnerability 1, float, innate caster, HP casting, extra vitality 1
a: Begin Untransformation


You were on level 3 of the Dungeon.
You were something dangerously unstable.
You visited 1 branch of the dungeon, and saw 3 of its levels.

You collected 110 gold pieces.

Inventory:

Missiles
 i - 6 javelins
Armour
 g - a +0 ring mail (melded)
Magical Staves
 o - a staff of alchemy
Jewellery
 a - a ring of ice
 n - a ring of protection from cold (left hand)
 p - a +5 ring of evasion (right hand)
Talismans
 c - a beast talisman
 d - a flux talisman (active)
Scrolls
 j - 2 scrolls of identify {unknown}
 k - 2 scrolls of teleportation {unknown}
 m - a scroll of fear {unknown}
 q - a scroll of noise {unknown}
Potions
 b - a potion of lignification {!q}
 e - 3 potions of curing {unknown}
 f - a potion of degeneration {unknown}
 h - a potion of attraction {unknown}
 l - a potion of haste {unknown}


   Skills:
 + Level 2.5 Fighting
 - Level 2.1 Dodging
 * Level 4.6 Unarmed Combat
 * Level 4.0 Shapeshifting


You knew the following spells:

 Your Spells              Type           Power      Damage    Failure   Level
a - Sandblast             Erth           0%         2d4       32%         1
b - Scorch                Fire           0%         2d5       45%         2
Your spell library was empty.

Dungeon Overview and Level Annotations

Branches:
Dungeon (3/15)

Altars:

Shops:
D:3 [

Annotations:
D:3 Grinder


Innate Abilities, Weirdness & Mutations

You are something dangerously unstable.
You glow with magical radiation, making you easy to see and hit.
Foes you strike become dangerously contaminated with magical radiation.
You are flying.
Your maximum health is decreased, since you lack skill for your form.
You are incapable of wielding weapons or throwing items.
You are immune to sickness and miasma.
You are immune to poison.
Your flesh is very heat resistant. (rF++)
You are vulnerable to cold. (rC-)
You float through the air rather than walking.
You learn spells naturally, not from books.
Your magical power is your life essence.
You have superior vitality. (+4 MHP)


Message History

Grinder blinks!
Your transformation has ended.
You turn into something dangerously unstable.
Your +0 ring mail melds into your body.
HP restored.
Grinder gestures at you.
You suddenly lose the ability to move!
Grinder hits you.
You writhe in agony.
Grinder hits you.
You writhe in agony.
You can move again.
Unknown command.
Unknown command.
Unknown command.
You hit Grinder.
Grinder begins to glow.
Grinder is lightly wounded.
Grinder says, "Are you a fish?" Grinder closely misses you.
You hit Grinder.
Grinder glows dangerously bright.
Grinder is lightly wounded.
Grinder hits you.
You writhe in agony.
You hit Grinder.
Grinder shudders as magic cascades through her.
Grinder twists and deforms.
Grinder is moderately wounded.
Grinder misses you.
You hit Grinder.
Grinder begins to glow.
Grinder is moderately wounded.
Grinder gestures at you.
You suddenly lose the ability to move!
Grinder barely misses you.
A giant cockroach comes into view.
Grinder hits you!
You writhe in agony.
Grinder hits you!
* * * LOW HITPOINT WARNING * * *
You writhe in agony.
* * * LOW HITPOINT WARNING * * *
Grinder sighs, "No one appreciates my work."
Grinder gestures at you. Pain shoots through your body!
You die...
Grinder says, "Hey, I wasn't done torturing you yet!"

.....#####.....###
.##.......(....5.#
.......####.####.###
<....... #∩.# #...#
.. ........# ##.#
###.# .. ........#
#.#####5# #.#
.......## #.....#.#
..# #####.#.#####.#
#######p#..##...####
...B...5............
########..##).###
##..#..### ###......#
######....###.#..
..........###........
.....................
..........####.......


You could see Grinder (contam, misshapen) and a giant cockroach.

Vanquished Creatures
  A scorpion (D:3)
  Jessica (D:2)
  6 adders
  A gnoll (D:1)
  A worm (D:2)
  3 orcs
  4 bats
  6 endoplasms
  5 giant cockroaches
  2 goblins
  A hobgoblin (D:1)
  2 jackals (D:2)
  3 kobolds
  2 quokkas (D:2)
  4 ball pythons
  A frilled lizard (D:1)
  4 rats
47 creatures vanquished.

Notes
Turn   | Place    | Note
-------+----------+-------------------------------------------
     0 | D:1      | mopl the Djinni Shapeshifter began the quest for the Orb.
     0 | D:1      | Reached XP level 1. HP: 17/17 MP: 0/0
    92 | D:1      | Reached XP level 2. HP: 9/22 MP: 0/0
   167 | D:1      | Reached skill level 3 in Shapeshifting
   272 | D:1      | Reached XP level 3. HP: 27/27 MP: 0/0
   272 | D:1      | Learned a level 1 spell: Sandblast
   752 | D:2      | Reached XP level 4. HP: 31/33 MP: 0/0
  1104 | D:3      | Noticed Jessica
  1142 | D:2      | Reached skill level 2 in Fighting
  1142 | D:2      | Reached skill level 4 in Unarmed Combat
  1229 | D:2      | Reached XP level 5. HP: 33/38 MP: 0/0
  1229 | D:2      | Learned a level 2 spell: Scorch
  1257 | D:2      | Killed Jessica
  1292 | D:3      | Reached XP level 6. HP: 42/45 MP: 0/0
  1316 | D:3      | Found Kutsurph's Armour Emporium.
  1364 | D:3      | Noticed Grinder
  1368 | D:3      | Reached skill level 4 in Shapeshifting
  1409 | D:3      | Paralysed by Grinder for 5 turns
  1417 | D:3      | Paralysed by Grinder for 5 turns
  1420 | D:3      | HP: 1/31 [Grinder (2)]
  1421 | D:3      | Killed from afar by Grinder

Illustrated notes

Levels and vault maps discovered:
D:1:      saegor_arrival_simple_e, layout_rooms
D:2:      layout_loops_ring
D:3:      layout_rooms, nicolae_elyvilon_peaceful_grove,
          dreamdust_ecumenical_altar_statues, serial_shops, shop, uniq_grinder,
          uniq_ijyb, uniq_robin, uniq_sigmund, uniq_jessica

Skill      XL: |  1  2  3  4  5  6 |
---------------+-------------------+-----
Shapeshifting  | 3 4 |  4.0
Fighting       | 2 |  2.5
Unarmed Combat | 4 |  4.6
Dodging        | |  2.1

Action                     |  1- 3 |  4- 6 || total
---------------------------+-------+-------++-------
  Melee: Unarmed           |    51 |    84 ||   135
         Punch             |     3 |     4 ||     7
   Stab: Sleeping          |     1 |       ||     1
 Armour: Animal skin       |    11 |       ||    11
         Ring mail         |    13 |    58 ||    71
         Skin              |       |     5 ||     5
  Dodge: Dodged            |    29 |    66 ||    95
   Form: Flux              |       |     1 ||     1

Table legend: (Time is in decaauts)
 A = Elapsed time spent in this place.
 B = Non-inter-level travel time spent in this place.
 C = Inter-level travel time spent in this place.
 D = Time resting spent in this place.
 E = Time spent auto-exploring this place.
 F = Levels seen in this place.
 G = Mean time per level.
                   A        B        C        D        E       F      G
               +--------+--------+--------+--------+--------+-----+--------+
         Total |   1414 |   1378 |     36 |    138 |    847 |   3 |  471.3 |
       Dungeon |   1414 |   1378 |     36 |    138 |    847 |   3 |  471.3 |
               +--------+--------+--------+--------+--------+-----+--------+

Top non-repeatable levels by time:
     D:2: 738 daAuts
     D:1: 497 daAuts
     D:3: 179 daAuts
